cohdb
Replays
Latest Replays
All Replays
Popular Replays
Top Player Replays
Match Explorer
How It Works
Community
CoH3 Stats
Reddit
Sign in to upload your games and track your stats! →
Sign in with Steam
Match 39225095
Unlisted
Match 39225095
Overview
Messages
Build Orders
End
Panzergrenadier Squad
Selects Battlefield Espionage Battlegroup
250 Light Carrier
Panzergrenadier Squad
Construct Light Support Kompanie
Combat Half-tracks
Fire Support Elements
Veteran Squad Leaders
2.5-tonne Medical Truck
Selects 250/3 Funkpanzerwagen
Construct Panzerarmee Kommand
Flakvierling Half-track
Selects Intel Disruption Beacon
Vehicle Survival Package
MG34 Team
Epicdeath
BIOHAZARD
Gorgolo
Adam Kadmon
le12ro-Olivier
Redback
Optimus-
maro
0
0
Comments
sign in to comment!
No comments posted yet!